AoeStats
← NDF

Arabia

504387250Analyzed
1v1 RM · 27d ago on Sep 5, 2026· 33m 10s· 2 players
Game mode
Random Map
Map size
Tiny (2 player)
Population
200
Speed
Normal
Resources
Standard
Victory
Conquest
Starting age
Dark Age
Ending age
Imperial Age
RankedLock teamsTeams togetherTeam positionsShared explorationLock speedFull tech treeHidden civsTurbo modeCheats
Victory
Defeat
🇧🇷 Sicilians · Brazil
561
+13
🇦🇷 Teutons · Argentina
505
-13
NDF
2:53 Loom
12:51 Feudal Age
21:23 Man-at-Arms
25:54 Castle Age
24:46 Stone Mining
24:47 Gold Mining
27:56 Horse Collar
29:32 Double-Bit Axe
monumental-de-lima
7:06 Loom
9:32 Feudal Age
23:36 Double-Bit Axe
27:06 Castle Age
Connection lost

Rejoining the realm…

Still unreachable

The connection could not be restored.

Session expired

The server has moved on; the page needs a fresh start.